 Dungeon Crawl Stone Soup version 0.30.0-10-gfe55d96785 (webtiles) character file.

Game seed: 17388268179500080120

11 CaptainMV the Trooper (level 2, -2/29 HPs)
             Began as a Gnoll Wanderer on May 16, 2023.
             Slain by a sky beast (5 damage)
             ... on level 3 of the Dungeon.
             The game lasted 00:05:07 (780 turns).

CaptainMV the Trooper (Gnoll Wanderer)               Turns: 780, Time: 00:05:08

Health: -2/29      AC: 11    Str: 12    XL:     2   Next: 29%
Magic:  2/2        EV: 12    Int:  9    God:
Gold:   37         SH:  0    Dex: 12    Spells: 1/1 levels left

rFire   . . .        a - +2 dagger (protect)
rCold   . . .        (no shield)
rNeg    . . .        d - +0 leather armour
rPois   .            (no helmet)
rElec   .            e - +0 cloak
rCorr   .            (no gloves)
SInv    .            (no boots)
Will    .....        (no amulet)
Stlth   ++           (no ring)
HPRegen 0.24/turn    (no ring)
MPRegen 0.08/turn

%: no passive effects
@: under a protective aura
A: fangs 1, strong nose, distributed training
a: no special abilities


You were on level 3 of the Dungeon.
You visited 1 branch of the dungeon, and saw 3 of its levels.

You collected 37 gold pieces.

Inventory:

Hand Weapons
 a - a +2 dagger of protection (weapon)
 b - a +0 spear
 g - a +3 hand axe
Armour
 d - a +0 leather armour (worn)
 e - a +0 cloak (worn)
Scrolls
 c - a scroll of fear
Potions
 f - a potion of ambrosia
 h - a potion of might {unknown}
 i - a potion of heal wounds {unknown}


   Skills:
 + Level 6.5 Fighting
 + Level 0.4 Short Blades
 + Level 0.4 Long Blades
 + Level 4.5 Axes
 + Level 0.4 Maces & Flails
 + Level 4.5 Polearms
 + Level 0.4 Staves
 + Level 0.4 Ranged Weapons
 + Level 0.4 Throwing
 + Level 0.4 Armour
 + Level 2.5 Dodging
 + Level 2.2 Stealth
 + Level 0.4 Shields
 + Level 0.4 Unarmed Combat
 + Level 0.4 Spellcasting
 + Level 0.2 Conjurations
 + Level 0.2 Hexes
 + Level 0.2 Summonings
 + Level 0.2 Necromancy
 + Level 0.2 Translocations
 + Level 0.2 Transmutations
 + Level 0.2 Fire Magic
 + Level 0.2 Ice Magic
 + Level 0.2 Air Magic
 + Level 0.2 Earth Magic
 + Level 0.2 Poison Magic
 + Level 0.5 Invocations
 + Level 2.5 Evocations


You had one spell level left.
You didn't know any spells.
Your spell library was empty.

Dungeon Overview and Level Annotations

Branches:
Dungeon (2/15)

Altars:
Qazlal
Uskayaw


Innate Abilities, Weirdness & Mutations

You have very sharp teeth.
Your uncanny sense of smell can sniff out nearby items.
Your experience applies equally to all skills.


Message History

The sky beast hits you but does no damage.
You barely miss the sky beast.
You bite the sky beast, but do no damage.
The sky beast is moderately wounded.
The bat hits you. The sky beast closely misses you.
You hit the sky beast.
The sky beast is heavily wounded.
The bat closely misses you. The sky beast closely misses you.
You hit the sky beast.
The sky beast is heavily wounded.
The bat hits you but does no damage.
The sky beast flickers out of sight!
Deactivating autopickup; reactivate with Ctrl-A.
Something hits you. Something shocks you.
You completely miss something. The bat hits you but does no damage.
Something hits you. Something shocks you.
* * * LOW HITPOINT WARNING * * *
You miss something. The bat misses you. Something hits you but does no damage.
The bat hits you but does no damage.
You hit something but do no damage. The bat barely misses you.
Something hits you but does no damage.
You completely miss something. You bite something. The bat barely misses you.
Something hits you but does no damage.
You hit something. Your bite misses something. The bat closely misses you.
Something hits you but does no damage.
You barely miss something. The bat hits you but does no damage.
A goblin comes into view. It is wielding a +0 dagger.
Something hits you but does no damage. The bat closely misses you.
The goblin shouts!
You hit something but do no damage. The bat hits you but does no damage.
Something hits you but does no damage.
You hit something. The bat closely misses you.
Something hits you but does no damage.
You hit something. The bat hits you but does no damage. x2
Something hits you but does no damage.
You miss something. Something hits you but does no damage.
You hit something but do no damage. The bat hits you but does no damage.
Something hits you.
* * * LOW HITPOINT WARNING * * *
Something shocks you.
You die...

... .#.#... ...#...#.. ..
..#.....#. #. #...._.... ∆
#. #.#.....#. #.###..#...#..
#.#....{#.#...#########
#.#.#b@.......#........
.###.#......########.##.....
...[.#...g..# #####.##.....
.##..#......# #..)..##.....
............# #.######.....
≈≈≈≈≈.......# #.# #.....
≈≈≈≈≈≈......####.# ##....
..._≈≈...........# #....
≈≈≈≈≈≈......###### #####


You could see a goblin and a bat.

Vanquished Creatures
  An endoplasm (D:1)
  2 hobgoblins (D:1)
  A quokka (D:1)
  A ball python (D:1)
  A frilled lizard (D:2)
  3 goblins (D:1)
  2 kobolds
11 creatures vanquished.

Notes
Turn   | Place    | Note
-------+----------+-------------------------------------------
     0 | D:1      | CaptainMV the Gnoll Wanderer began the quest for the Orb.
     0 | D:1      | CaptainMV set off with the following items: a +3 hand axe,
                  | a +0 spear, a scroll of fear, a +0 leather armour.
     0 | D:1      | Reached XP level 1. HP: 23/23 MP: 1/1
    62 | D:1      | Found a faded altar of an unknown god.
   249 | D:1      | Reached XP level 2. HP: 29/29 MP: 2/2
   686 | D:2      | You fall into a shaft and drop 1 floor!
   741 | D:3      | Found a hide-covered altar of Uskayaw.
   758 | D:3      | Found a stormy altar of Qazlal.
   758 | D:3      | Noticed a sky beast
   780 | D:3      | Slain by a sky beast

Illustrated notes

Levels and vault maps discovered:
D:1:      ncdulo_halloftheorcs, layout_loops_corners,
          hellmonk_ecumenical_altar_zigzags, moated_statue
D:2:      layout_loops_corners, serial_shops, shop
D:3:      layout_basic, overflow_temple_1_default,
          nicolae_qazlal_beasts_of_the_sky, mainiacjoe_overflow_catwalk,
          uniq_ijyb

Action                     || total
---------------------------++-------
  Melee: Hand axe          ||    12
         Dagger            ||    40
         Bite              ||     3
    Use: Scroll            ||     2
   Stab: Sleeping          ||     1
 Armour: Leather armour    ||    32
  Dodge: Dodged            ||    29
